 Dungeon Crawl Stone Soup version 0.21.1-1-g345015f (webtiles) character file.

22168 Inarius the Carver (level 12, 0/71 HPs)
             Began as a Vine Stalker Fighter on Feb 18, 2018.
             Was a Priest of Qazlal.
             Slain by Snorg (6 damage)
             ... on level 3 of the Lair of Beasts.
             The game lasted 00:43:49 (11541 turns).

Inarius the Carver (Vine Stalker Fighter)          Turns: 11541, Time: 00:43:49

Health: 0/71       AC: 17    Str: 23    XL:     12   Next: 97%
Magic:  0/19       EV:  7    Int:  8    God:    Qazlal [***...]
Gold:   516        SH: 15    Dex: 20    Spells: 11/11 levels left

rFire    . . .     SeeInvis .   B - +1 long sword (slice)
rCold    . . .     Gourm    .   c - +0 shield
rNeg     + . .     Faith    .   H - +0 plate armour
rPois    +         Spirit   +   (no helmet)
rElec    .         Reflect  .   F - +2 cloak
rCorr    .         Harm     .   k - +0 pair of gloves
MR       +....                  (no boots)
Stlth    ..........             (no amulet)
HPRegen  1.01/turn              x - +5 ring of dexterity
MPRegen  0.16/turn              o - ring of positive energy

@: drained
A: fangs 3, poison resistance, regeneration 2, robust 1, magic shield, antimagic
bite, no potion heal 3, rot immunity, MP-powered wands
a: Upheaval, Elemental Force, Renounce Religion


You were on level 3 of the Lair of Beasts.
You worshipped Qazlal.
Qazlal was most pleased with you.
You were not hungry.

You visited 3 branches of the dungeon, and saw 15 of its levels.

You collected 801 gold pieces.
You spent 285 gold pieces at shops.

Inventory:

Hand Weapons
 B - a +1 long sword of slicing (weapon)
Armour
 c - a +0 shield (worn)
 k - a +0 pair of gloves (worn)
 z - a +2 ring mail of magic resistance
 F - a +2 cloak (worn)
 H - a +0 plate armour (worn)
Jewellery
 o - a ring of positive energy (right hand)
 u - an uncursed ring of protection from fire
 x - a +5 ring of dexterity (left hand)
 E - an uncursed ring of resist corrosion
Wands
 a - a wand of random effects (57)
 n - a wand of flame (15)
 s - a wand of paralysis (14)
 t - a wand of acid (3)
Scrolls
 b - 2 scrolls of remove curse
 h - 3 scrolls of teleportation
 i - 2 scrolls of fear
 l - 2 scrolls of immolation
 m - 2 scrolls of magic mapping
 r - 3 scrolls of fog
 C - 3 scrolls of enchant armour
 G - 2 scrolls of amnesia
Potions
 e - 2 potions of curing
 g - 3 potions of lignification
 j - a potion of ambrosia
 p - a potion of agility
 q - a potion of magic
 w - 2 potions of brilliance
 D - a potion of flight
Comestibles
 f - 10 rations


   Skills:
 + Level 8.8 Fighting
 + Level 12.6 Long Blades
 - Level 7.0 Armour
 + Level 4.3 Dodging
 - Level 5.1 Shields
 * Level 8.1 Invocations
 + Level 1.8 Evocations


You had 11 spell levels left.
You didn't know any spells.

Dungeon Overview and Level Annotations

Branches:
Dungeon (11/15)            Temple (1/1) D:6            Lair (3/6) D:10
 Spider (0/4) Lair:2          Orc (0/2) D:10
  Swamp: Lair:2-4    Shoals: Lair:2-4

Altars:
Ashenzari
Cheibriados
Hepliaklqana
Makhleb
Nemelex Xobeh
Qazlal
Uskayaw
Vehumet
Wu Jian
Xom
Yredelemnul
Zin
The Shining One

Shops:
D:4 (   D:5 }   D:7 ?*=(

Portals:
Labyrinth: Lair:3
Ice
Cave: D:11

Annotations:
Lair:3 Snorg


Innate Abilities, Weirdness & Mutations

You have razor-sharp teeth.
You heal very quickly.
When hurt, damage is shared between your health and your magic reserves.
Your bite disrupts and absorbs the magic of your enemies.
Potions cannot restore your health.
You are immune to rotting.
Your system is resistant to poisons. (rPois)
You are robust. (+10% HP)
You expend magic power (3 MP) to strengthen your wands.


Message History

Snorg is severely wounded.
Snorg bites you! Snorg claws you. You block Snorg's attack.
Your plate armour prevents you from hitting Snorg.
You bite Snorg. You drain her power.
You feel invigorated.
Snorg is severely wounded.
You block Snorg's attack. x2; Snorg barely misses you.
Snorg bites you!
* * * LOW HITPOINT WARNING * * *
Snorg claws you!
* * * LOW HITPOINT WARNING * * *
You block Snorg's attack.
Okay, then.
That item cannot be evoked!
Unknown command.
Unknown command.
Snorg rages.
Snorg bites you!
* * * LOW HITPOINT WARNING * * *
Snorg claws you!
You die...

,*,*****#...........,,* ******
##........#**,**
*P.###P.......#***,,*
**#......).....## *..#*
,*###..#.......####P.#
,,,*#.*##...[.∩...##.#
*,*#o,**#..#####..##.##
*,*#*,*#..P# #T.##..#
*,***,*##### #@.##..# *,,**,*
##.##..# *,***,* #.....##### ###
# *,,,,,** ##.##..##.P###.###
*,*,**,** ****#........>........
,,,,*,,,****,,.......#.#.##P.#.##
,,,,,,,,,,,,,.....#..############
,,***,*,,,,....###.#..* #.###..#
,** ****,**####*#....#** *#......


You could see Snorg (berserk).

Vanquished Creatures
  The ghost of shakethe the Basher, a journeyman DgFi (D:10)
  Fannar (Lair:1)
  The ghost of shakethe the Fighter, a novice OgFE of Makhleb (D:8)
  A hydra (Lair:1)
  2 two-headed ogres
  3 death yaks
  An unseen horror (D:11)
  The ghost of jazmu the Charmwright, a novice FoSk (D:5)
  An orb spider (Lair:2)
  3 ugly things
  A black mamba (Lair:1)
  2 spiny frogs
  A gargoyle (D:10)
  A komodo dragon (Lair:2)
  4 trolls
  A polar bear (D:11)
  A hornet (Lair:3)
  2 hippogriffs
  The ghost of Solrac the Skirmisher, an amateur OgBe of Trog (D:3)
  12 yaks
  A wyvern (Lair:1)
  A shadow (D:11)
  2 hungry ghosts
  6 water moccasins
  3 porcupines
  6 orc warriors
  3 sky beasts
  A black bear (D:6)
  5 ice beasts
  5 ogres
  5 centaurs
  8 crocodiles
  6 big kobolds
  7 bullfrogs
  A gnoll sergeant (D:7)
  2 scorpions (D:10)
  11 killer bees
  7 wights
  A howler monkey (D:6)
  A centaur zombie (D:5)
  4 crimson imps
  3 bullfrog zombies
  A quasit (D:11)
  3 jellies
  6 orc priests
  2 bullfrog skeletons
  12 hounds
  A centaur skeleton (D:8)
  2 iguanas (D:5)
  A hell rat (D:10)
  9 orc wizards
  2 worker ants
  5 hound skeletons
  2 howler monkey zombies
  3 worker ant zombies
  8 gnolls
  4 howler monkey skeletons
  13 adders
  2 river rats (D:10)
  3 shadow imps
  An adder zombie (D:7)
  3 worms
  A dart slug (D:1)
  5 leopard geckos
  52 orcs
  A ball python (D:5)
  6 giant cockroaches
  7 goblins
  6 hobgoblins
  14 jackals
  6 quokkas
  7 bats
  3 frilled lizards
  33 kobolds
  A quokka skeleton (D:7)
  9 rats
364 creatures vanquished.

Vanquished Creatures (collateral kills)
  The ghost of Dioder the Grappler, a journeyman TrTm of Cheibriados (Lair:2)
  Nergalle (Lair:3)
  A black mamba (Lair:1)
3 creatures vanquished.

Grand Total: 367 creatures vanquished

Notes
Turn   | Place    | Note
-------+----------+-------------------------------------------
     0 | D:1      | Inarius the Vine Stalker Fighter began the quest for the Orb.
     0 | D:1      | Reached XP level 1. HP: 11/11 MP: 2/2
   133 | D:1      | Reached skill level 2 in Long Blades
   133 | D:1      | Reached XP level 2. HP: 13/16 MP: 3/3
   398 | D:1      | Found a snail-covered altar of Cheibriados.
   993 | D:2      | Reached XP level 3. HP: 17/19 MP: 4/4
   997 | D:2      | Found a hide-covered altar of Uskayaw.
  1783 | D:2      | Gained mutation: Your natural rate of healing is unusually fast. [Vine Stalker growth]
  1783 | D:2      | Reached XP level 4. HP: 24/24 MP: 5/5
  2091 | D:3      | Noticed Solrac's ghost (amateur OgBe)
  2104 | D:3      | Killed Solrac's ghost
  2104 | D:3      | Reached skill level 3 in Long Blades
  2104 | D:3      | Reached XP level 5. HP: 25/28 MP: 4/6
  2104 | D:3      | Reached XP level 6. HP: 29/32 MP: 4/7
  2200 | D:3      | Reached skill level 4 in Long Blades
  2583 | D:4      | Reached skill level 1 in Dodging
  2590 | D:4      | Found Ehet's Antique Weapon Emporium.
  2737 | D:4      | Reached XP level 7. HP: 32/36 MP: 6/8
  3360 | D:5      | Entered Level 5 of the Dungeon
  3542 | D:5      | Found Xafuann's Gadget Shoppe.
  3596 | D:5      | Reached skill level 5 in Long Blades
  3646 | D:5      | Noticed jazmu's ghost (novice FoSk)
  3660 | D:5      | Gained mutation: You have razor-sharp teeth. [Vine Stalker growth]
  3660 | D:5      | Reached XP level 8. HP: 29/40 MP: 7/9
  3666 | D:5      | Killed jazmu's ghost
  3666 | D:5      | Reached skill level 5 in Shields
  3790 | D:5      | Reached skill level 6 in Long Blades
  4283 | D:6      | Found a staircase to the Ecumenical Temple.
  4290 | Temple   | Entered the Ecumenical Temple
  4298 | Temple   | Became a worshipper of Qazlal Stormbringer
  4425 | D:6      | Reached XP level 9. HP: 45/45 MP: 10/10
  4460 | D:6      | Reached skill level 7 in Long Blades
  5052 | D:6      | Reached * piety under Qazlal
  5052 | D:6      | Reached skill level 5 in Armour
  5135 | D:7      | Found Qishaq Duulu's General Store.
  5156 | D:7      | Bought a scroll of identify for 28 gold pieces
  5156 | D:7      | Bought a +2 cloak for 231 gold pieces
  5163 | D:7      | Gained mutation: Your magical capacity is low. (-10% MP) [potion of mutation]
  5163 | D:7      | Gained mutation: Your spells are a little easier to cast, but a little less powerful. [potion of mutation]
  5163 | D:7      | Gained mutation: Your system is resistant to poisons. (rPois) [potion of mutation]
  5164 | D:7      | Lost mutation: Your spells are a little easier to cast, but a little less powerful. [potion of mutation]
  5164 | D:7      | Lost mutation: Your magical capacity is low. (-10% MP) [potion of mutation]
  5164 | D:7      | Gained mutation: You expend magic power (3 MP) to strengthen your wands. [potion of mutation]
  5164 | D:7      | Gained mutation: You are robust. (+10% HP) [potion of mutation]
  5260 | D:7      | Reached skill level 8 in Long Blades
  5272 | D:7      | Reached skill level 5 in Fighting
  5318 | D:7      | Reached ** piety under Qazlal
  5371 | D:7      | Found Ydatsu's Weapon Shoppe.
  5512 | D:7      | Found Nara's Jewellery Shop.
  5530 | D:7      | Reached skill level 1 in Invocations
  5531 | D:7      | Reached XP level 10. HP: 56/56 MP: 11/11
  5702 | D:7      | Found Gooff's Magic Scroll Boutique.
  5710 | D:7      | Bought a scroll of identify for 26 gold pieces
  6270 | D:8      | Reached skill level 9 in Long Blades
  6296 | D:8      | Noticed shakethe's ghost (novice OgFE)
  6308 | D:8      | Killed shakethe's ghost
  6471 | D:8      | Reached *** piety under Qazlal
  6539 | D:8      | Noticed a two-headed ogre
  6577 | D:8      | Killed a two-headed ogre
  6610 | D:8      | Found a shattered altar of Ashenzari.
  6610 | D:8      | Found a sparkling altar of Nemelex Xobeh.
  7081 | D:9      | Found a radiant altar of Vehumet.
  7134 | D:9      | Reached skill level 10 in Long Blades
  7262 | D:9      | Noticed a two-headed ogre
  7267 | D:9      | Killed a two-headed ogre
  7267 | D:9      | Reached XP level 11. HP: 61/61 MP: 5/15
  7502 | D:10     | Entered Level 10 of the Dungeon
  7659 | D:10     | Reached **** piety under Qazlal
  7692 | D:10     | Reached skill level 5 in Invocations
  7744 | D:10     | Found a staircase to the Orcish Mines.
  7745 | D:10     | Noticed a death yak
  7745 | D:10     | Noticed a death yak
  7746 | D:10     | Noticed a death yak
  7751 | D:10     | Noticed shakethe's ghost (journeyman DgFi)
  7812 | D:9      | Killed a death yak
  7891 | D:10     | Reached skill level 1 in Evocations
  8012 | D:10     | Killed a death yak
  8119 | D:10     | Killed a death yak
  8332 | D:10     | Reached skill level 11 in Long Blades
  8616 | D:10     | Found a staircase to the Lair.
  8651 | D:10     | Killed shakethe's ghost
  8908 | D:11     | Noticed a purple ugly thing
  8912 | D:11     | Noticed an eight-headed hydra
  8922 | D:10     | Killed a purple ugly thing
  9017 | D:11     | Noticed a purple ugly thing
  9020 | D:11     | Gained mutation: You heal very quickly. [Vine Stalker growth]
  9020 | D:11     | Reached XP level 12. HP: 69/69 MP: 17/17
  9213 | D:11     | Found a frozen archway.
  9215 | D:11     | Noticed an ice dragon
  9369 | D:11     | HP: 1/70 [ice dragon/blast of cold (28)]
  9598 | Lair:1   | Entered Level 1 of the Lair of Beasts
  9637 | Lair:1   | Reached skill level 12 in Long Blades
  9899 | Lair:1   | Noticed a seven-headed hydra
  9934 | Lair:1   | Killed a 17-headed hydra
  9935 | Lair:1   | Noticed Fannar
  9952 | Lair:1   | HP: 1/71 [Fannar/bolt of cold (5)]
  9959 | Lair:1   | Killed Fannar
 10173 | Lair:1   | Got a bone war axe
 10174 | Lair:1   | Identified the cursed +0 war axe "Ycsissas" {chop, Stlth+} (You found it on level 1 of the Lair of Beasts)
 10678 | Lair:2   | Reached ***** piety under Qazlal
 10784 | Lair:2   | Noticed Dioder's ghost (journeyman TrTm)
 10800 | Lair:2   | Killed Dioder's ghost
 10936 | Lair:2   | Found a hole to the Spider Nest.
 11503 | Lair:3   | Found a labyrinth entrance.
 11516 | Lair:3   | Noticed Nergalle
 11519 | Lair:3   | Noticed Snorg
 11527 | Lair:3   | Killed Nergalle
 11541 | Lair:3   | Slain by Snorg

Skill      XL: |  1  2  3  4  5  6  7  8  9 10 11 12 |
---------------+-------------------------------------+-----
Long Blades    | 2 3 4 5 6 8 10 11 12 | 12.6
Shields        | 3 4 5 |  5.1
Fighting       | 3 4 5 6 7 8 |  8.8
Armour         | 3 4 5 6 7 |  7.0
Dodging        | 1 2 3 4 |  4.3
Invocations    | 1 4 6 8 |  8.1
Evocations     | 1 |  1.8

Action                   |  1- 3 |  4- 6 |  7- 9 | 10-12 || total
-------------------------+-------+-------+-------+-------++-------
Melee: Long sword        |    99 |    91 |   425 |   622 ||  1237
       Bite              |    23 |    25 |   158 |   319 ||   525
       Dagger            |       |       |     1 |       ||     1
Invok: Elemental Force   |       |       |       |     5 ||     5
Evoke: Wand              |       |       |     2 |    17 ||    19
  Use: Potion            |     2 |     1 |     4 |     7 ||    14
       Scroll            |       |     4 |    10 |    20 ||    34
 Stab: Distracted        |       |       |       |     1 ||     1
  Eat: Chunk             |     3 |     3 |    10 |    23 ||    39
       Ration            |       |       |       |     1 ||     1
Armor: Scale mail        |    12 |       |       |       ||    12
       Chain mail        |    29 |    43 |    36 |       ||   108
       Ring mail         |       |       |    95 |       ||    95
       Plate armour      |       |       |     8 |   285 ||   293
Dodge: Dodged            |    22 |    25 |   104 |   113 ||   264
       Deflected         |       |       |       |     4 ||     4
Block: Shield            |    53 |    44 |   218 |   515 ||   830
       Rpst.: Long sword |     8 |     8 |    27 |    40 ||    83
